 Dungeon Crawl Stone Soup version 0.29-a0-319-gad05b8d819 (webtiles) character file.

Game seed: 6754787081199572858

1964 avis the Insei (level 8, 0/68 HPs)
             Began as a Demigod Transmuter on Apr 2, 2022.
             Slain by a two-headed ogre
             ... wielding a +0 dire flail
              (13 damage)
             ... on level 7 of the Dungeon.
             The game lasted 00:44:52 (8567 turns).

avis the Insei (Demigod Transmuter)                 Turns: 8567, Time: 00:44:53

Health: 0/68       AC:  2    Str: 15    XL:     8   Next: 68%
Magic:  13/14      EV: 21    Int: 15    God:
Gold:   424        SH:  0    Dex: 23    Spells: 1/11 levels left

rFire   . . .      SeeInvis .     - Unarmed
rCold   . . .      Faith    .   (shield currently unavailable)
rNeg    . . .      Spirit   .   (body armour currently unavailable)
rPois   x          Reflect  .   (helmet currently unavailable)
rElec   .          Harm     .   (cloak currently unavailable)
rCorr   .          Rampage  .   (gloves currently unavailable)
Will    .....                   (boots currently unavailable)
Stlth   ++........              (no amulet)
HPRegen 0.21/turn               (no ring)
MPRegen 0.14/turn               (no ring)

@: spider-form (expiring)
A: venomous fangs, tiny, high MP 1, forlorn, divine attributes
a: End Transformation


You were on level 7 of the Dungeon.
You were a venomous arachnid creature.
You visited 2 branches of the dungeon, and saw 8 of its levels.

You collected 424 gold pieces.

Inventory:

Hand Weapons
 e - a +2 spear of distortion
 q - a +1 whip of draining
 s - a +1 shortbow
 y - a +0 hunting sling
Missiles
 f - 2 boomerangs
 i - 4 throwing nets
 j - 10 poisoned darts
 z - 41 stones
Armour
 d - a +0 pair of gloves (melded)
 h - a +3 ring mail
 n - a +0 helmet (melded)
 r - a +0 hat
 x - a +3 leather armour of fire resistance
 A - a +2 pair of boots (melded)
 B - +1 steam dragon scales (melded)
Jewellery
 w - a ring of positive energy
Wands
 t - a wand of polymorph (6)
Scrolls
 a - 2 scrolls of magic mapping
 c - 2 scrolls of teleportation
 m - 2 scrolls of vulnerability
 u - a scroll of fear
Potions
 b - 4 potions of lignification
 g - 3 potions of curing
 k - a potion of haste
 l - a potion of cancellation
 o - a potion of resistance
 p - a potion of berserk rage
 v - 2 potions of degeneration


   Skills:
 - Level 5.0 Fighting
 - Level 3.0 Dodging
 - Level 2.0 Stealth
 * Level 7.0 Unarmed Combat
 - Level 2.0 Spellcasting
 - Level 4.0 Transmutations
 - Level 4.0 Ice Magic
 - Level 2.0 Poison Magic


You had one spell level left.
You knew the following spells:

 Your Spells              Type           Power      Damage    Failure   Level
a - Beastly Appendage     Tmut           26%        N/A       13%         1
e - Wereblood             Tmut           13%        N/A       17%         2
p - Spider Form           Tmut/Pois      10%        N/A       38%         3
q - Ice Form              Ice/Tmut       13%        N/A       61%         4

Your spell library contained the following spells:

 Spells                   Type           Power      Damage    Failure   Level
 Magic Dart               Conj           4%         1d3       43%         1
 Pain                     Necr           4%         1d4       43%         1
 Call Imp                 Summ           1%         N/A       54%         2
 Searing Ray              Conj           2%         2d4       54%         2
 Mephitic Cloud           Conj/Pois/Air  3%         N/A       67%         3
 Fulminant Prism          Conj/Hex       0%         3d6       98%         4
 Agony                    Necr           1%         N/A       100%        5
 Excruciating Wounds      Necr           0%         N/A       100%        5


Dungeon Overview and Level Annotations

Branches:
Dungeon (7/15)             Temple (1/1) D:4

Annotations:
D:6 Passwall chamber


Innate Abilities, Weirdness & Mutations

You are a venomous arachnid creature.
You have poisonous fangs.
You are tiny and dextrous.
Your spellcasting is less reliable in this form.
Your armour is entirely melded.
You are incapable of wielding weapons or throwing items.
You have an increased reservoir of magic. (+10% MP)
You shall have no god before yourself.
Your divine heritage dramatically boosts your attributes as you level up.


Message History

You start resting.
HP restored.
You start resting.
Magic restored.
Casting: Spider Form (dangerous; 19% risk of failure)
Confirm with . or Enter, or press ? or * to list all spells.
You miscast Spider Form.
You are very lightly contaminated with residual magic.
You feel a strange surge of energy.
You start resting.
Magic restored.
You start waiting.
Your magical contamination has completely faded away.
Casting: Spider Form (dangerous; 19% risk of failure)
Confirm with . or Enter, or press ? or * to list all spells.
You turn into a venomous arachnid creature.
Your +0 helmet melds into your body.
Your +0 pair of gloves melds into your body.
Your +2 pair of boots melds into your body.
Your +1 steam dragon scales melds into your body.
You climb downwards.
The two-headed ogre closely misses you.
The two-headed ogre hits you with a +0 giant club!!
There is a stone staircase leading up here.
You hit the two-headed ogre.
The two-headed ogre is poisoned.
The two-headed ogre is lightly wounded.
The two-headed ogre hits you with a +0 dire flail!!
* * * LOW HITPOINT WARNING * * *
The two-headed ogre hits you with a +0 giant club!
* * * LOW HITPOINT WARNING * * *
You feel better.
You barely miss the two-headed ogre.
The two-headed ogre is lightly wounded.
Your transformation is almost over.
The two-headed ogre misses you.
The two-headed ogre completely misses you.
You hit the two-headed ogre.
The two-headed ogre looks even sicker.
The two-headed ogre is lightly wounded.
The two-headed ogre barely misses you.
The two-headed ogre hits you with a +0 giant club!
You die...

.#.................#..
..........<..........
.#.................#
#.................# #
#.................#.#.#
#.....................#
#...................#
#...###########O#####
#<..# #s# #...# #.#
#...# #.. ##### #.##
#.# #.# ###


You could see a two-headed ogre (very poisoned).

Vanquished Creatures
  Sigmund (D:2)
  A steam dragon (D:6)
  3 water moccasins (D:5)
  An ice beast (D:5)
  A black bear (D:5)
  A gnoll sergeant (D:6)
  4 scorpions
  6 hounds
  3 jellies
  A gnoll shaman (D:6)
  Jessica (D:2)
  4 orc wizards
  Robin (D:3)
  19 gnolls
  11 adders
  2 white imps
  3 worms
  5 dart slugs
  16 orcs
  4 ball pythons
  10 endoplasms
  8 giant cockroaches
  21 goblins
  10 hobgoblins
  4 quokkas
  6 bats
  5 frilled lizards
  5 kobolds
  6 rats
163 creatures vanquished.

Notes
Turn   | Place    | Note
-------+----------+-------------------------------------------
     0 | D:1      | avis the Demigod Transmuter began the quest for the Orb.
     0 | D:1      | Reached XP level 1. HP: 15/15 MP: 5/5
    19 | D:1      | Reached skill level 1 in Fighting
   165 | D:1      | Reached XP level 2. HP: 20/24 MP: 5/7
   324 | D:1      | Reached skill level 3 in Unarmed Combat
   753 | D:2      | Noticed Sigmund
   775 | D:2      | Killed Sigmund
   776 | D:2      | Reached skill level 4 in Unarmed Combat
   776 | D:2      | Reached skill level 5 in Unarmed Combat
   776 | D:2      | Reached skill level 1 in Stealth
   776 | D:2      | Reached XP level 3. HP: 19/29 MP: 8/8
   776 | D:2      | Reached XP level 4. HP: 24/36 MP: 9/9
   776 | D:2      | Reached XP level 5. HP: 27/41 MP: 10/10
   955 | D:2      | Learned a level 3 spell: Spider Form
  1087 | D:2      | You fall into a shaft and drop 2 floors!
  1136 | D:4      | Reached skill level 1 in Poison Magic
  1230 | D:4      | Found a staircase to the Ecumenical Temple.
  1264 | Temple   | Entered the Ecumenical Temple
  1548 | D:3      | Reached XP level 6. HP: 46/48 MP: 9/11
  1840 | D:2      | Noticed Jessica
  1845 | D:2      | Killed Jessica
  2536 | D:2      | Learned a level 4 spell: Ice Form
  2703 | D:3      | Noticed Robin
  2739 | D:3      | Killed Robin
  3999 | D:4      | Reached XP level 7. HP: 39/57 MP: 11/13
  5042 | D:5      | Entered Level 5 of the Dungeon
  5049 | D:5      | Reached skill level 6 in Unarmed Combat
  5249 | D:5      | HP: 2/59 [ice beast (14)]
  5591 | D:5      | Reached skill level 7 in Unarmed Combat
  6086 | D:5      | Reached XP level 8. HP: 67/67 MP: 7/14
  6105 | D:5      | Learned a level 2 spell: Wereblood
  6242 | D:5      | Reached skill level 5 in Fighting
  6371 | D:5      | Reached skill level 1 in Ice Magic
  8497 | D:7      | Noticed a two-headed ogre
  8557 | D:7      | HP: 3/68 [two-headed ogre/+0 dire flail (13)]
  8567 | D:7      | Slain by a two-headed ogre

Illustrated notes

Levels and vault maps discovered:
D:1:      minmay_arrival_hallway, layout_basic, shapermc_ecumenical_altar_petra
D:2:      layout_basic, chequers_decorated_corner, minmay_crystal_room,
          uniq_jessica, uniq_sigmund
D:3:      layout_basic, tgw_xom, serial_glass, glass_columns_b, glass_columns_b,
          glass_columns_a, glass_columns_a, minmay_strange_pillars,
          nrook_mini_backslash, wander_ebering_terrifying_dragon_lair,
          uniq_robin
D:4:      kennysheep_six_static_rooms, layout_cave_pools,
          minmay_temple_entry_offerings
D:5:      layout_loops_ring
D:6:      cheibrodos_quashed, layout_gridville
D:7:      kennysheep_housing_project, layout_basic
Temple:   mainiacjoe_temple_cubbyholes

Skill      XL: |  1  2  3  4  5  6  7  8 |
---------------+-------------------------+-----
Fighting       | 2 3 4 5 |  5.0
Unarmed Combat | 5 7 |  7.0
Dodging        | 2 3 |  3.0
Stealth        | 1 2 |  2.0
Transmutations | 2 4 |  4.0
Poison Magic   | 2 |  2.0
Spellcasting   | 2 |  2.0
Ice Magic      | 4 |  4.0

Action                   |  1- 3 |  4- 6 |  7- 9 || total
-------------------------+-------+-------+-------++-------
Melee: Unarmed           |    71 |   198 |   178 ||   447
       Kick              |    16 |    20 |    12 ||    48
       Headbutt          |     6 |    14 |     7 ||    27
       Punch             |     2 |     2 |     3 ||     7
 Cast: Beastly Appendage |    17 |    28 |     9 ||    54
       Spider Form       |       |    17 |    31 ||    48
  Use: Potion            |     1 |     1 |     3 ||     5
       Scroll            |       |     6 |    14 ||    20
 Stab: Sleeping          |       |     4 |     5 ||     9
Armor: Leather armour    |    11 |    33 |     5 ||    49
       Robe              |     1 |       |       ||     1
       Skin              |    17 |     3 |     2 ||    22
       Steam dragon scal |       |       |     5 ||     5
Dodge: Dodged            |    31 |   122 |   142 ||   295

Table legend: (Time is in decaauts)
 A = Elapsed time spent in this place.
 B = Non-inter-level travel time spent in this place.
 C = Inter-level travel time spent in this place.
 D = Time resting spent in this place.
 E = Time spent auto-exploring this place.
 F = Levels seen in this place.
 G = Mean time per level.
                   A        B        C        D        E       F      G
               +--------+--------+--------+--------+--------+-----+--------+
         Total |   8549 |   7763 |    786 |   2925 |   2692 |   8 | 1068.6 |
       Dungeon |   8358 |   7574 |    784 |   2778 |   2692 |   7 | 1194.0 |
        Temple |    191 |    190 |      1 |    147 |      0 |   1 |  191.0 |
               +--------+--------+--------+--------+--------+-----+--------+

Top non-repeatable levels by time:
     D:5: 1994 daAuts
     D:2: 1656 daAuts
     D:3: 1416 daAuts
     D:6: 1329 daAuts
     D:4: 1198 daAuts
     D:1: 733 daAuts
  Temple: 191 daAuts
     D:7: 28 daAuts
